 Dungeon Crawl Stone Soup version 0.29-a0-1052-g6990b1bffc (webtiles) character file.

Game seed: 2304306651269308842

11830 Newt the Carver (level 11, -5/81 HPs)
             Began as a Demonspawn Gladiator on Aug 18, 2022.
             Was a High Priest of Okawaru.
             Killed by divine providence
             ... invoked by a meliai
              (14 damage)
             ... on level 12 of the Dungeon.
             The game lasted 00:37:49 (18091 turns).

Newt the Carver (Demonspawn Gladiator)             Turns: 18091, Time: 00:37:49

Health: -5/81      AC: 23    Str: 18    XL:     11   Next: 54%
Magic:  11/11      EV: 11    Int: 10    God:    Okawaru [*****.]
Gold:   824        SH:  0    Dex: 15    Spells: 10/10 levels left

rFire   . . .      SeeInvis .   Z - +3 great sword (vorpal)
rCold   . . .      Faith    .   (shield currently unavailable)
rNeg    + . .      Spirit   .   D - +2 scale mail of Unreason {Harm rElec rN+}
rPois   .          Reflect  .   c - +1 helmet
rElec   +          Harm     +   A - +0 cloak
rCorr   .          Rampage  .   S - +1 pair of gloves
Will    +....                   f - +0 pair of boots
Stlth   +.........              (no amulet)
HPRegen 0.23/turn               a - +4 ring of slaying
MPRegen 0.12/turn               V - ring of willpower

@: lethally poisoned (-5 -> -13), sanguine armoured
A: (demonic guardian 1), ignite blood 2, sanguine armour 1, electricity
resistance
a: Renounce Religion, Heroism, Finesse, Duel


You were on level 12 of the Dungeon.
You worshipped Okawaru.
Okawaru was extremely pleased with you.
You visited 2 branches of the dungeon, and saw 13 of its levels.

You collected 824 gold pieces.

Inventory:

Hand Weapons
 Z - a +3 vorpal great sword (weapon)
Missiles
 b - 4 silver javelins
 d - 3 throwing nets
 e - 6 javelins
 g - 62 stones
 y - 10 boomerangs (quivered)
 G - 3 silver boomerangs
 J - 17 poisoned darts
 P - 5 atropa-tipped darts
 Y - a curare-tipped dart
Armour
 c - a +1 helmet (worn)
 f - a +0 pair of boots (worn)
 j - a +0 kite shield
 A - a +0 cloak (worn)
 D - the +2 scale mail of Unreason (worn) {Harm rElec rN+}
   (You found it on level 5 of the Dungeon)

   rElec:     It insulates you from electricity.
   rN:        It protects you from negative energy.
   Harm:      It increases damage dealt and taken.
 N - a +1 ring mail of poison resistance
 S - a +1 pair of gloves (worn)
 U - a +0 ring mail of cold resistance
Jewellery
 a - a +4 ring of slaying (left hand)
 p - a +4 ring of evasion
 x - a ring of positive energy
 V - a ring of willpower (right hand)
 X - a +6 ring of dexterity
Wands
 F - a wand of roots (13)
 Q - a wand of flame (60)
Scrolls
 i - 3 scrolls of teleportation
 l - 3 scrolls of identify
 s - a scroll of amnesia
 v - a scroll of enchant armour
 B - a scroll of magic mapping
 E - a scroll of poison
Potions
 h - 2 potions of resistance
 k - 5 potions of mutation
 m - a potion of brilliance {unknown}
 n - 2 potions of invisibility
 o - 2 potions of curing
 q - 4 potions of might
 z - 3 potions of flight {unknown}
 C - a potion of cancellation
 I - 4 potions of lignification
 K - a potion of haste


   Skills:
 - Level 6.0 Fighting
 - Level 4.0(7.3) Short Blades
 - Level 9.6(10.0) Long Blades
 - Level 6.0 Throwing
 + Level 7.9 Armour
 - Level 4.0 Dodging
 - Level 2.0 Stealth
 - Level 8.0 Evocations


You had 10 spell levels left.
You didn't know any spells.
Your spell library contained the following spells:

 Spells                   Type           Power      Damage    Failure   Level
 Magic Dart               Conj           0%         1d3       71%         1
 Dazzling Flash           Conj/Hex       0%         N/A       97%         3
 Mephitic Cloud           Conj/Pois/Air  0%         N/A       97%         3
 Hailstorm                Conj/Ice       0%         3d3       100%        4
 Iskenderun's Mystic Bla  Conj/Tloc      0%         2d3       100%        4
 Passage of Golubria      Tloc           0%         N/A       100%        4
 Agony                    Necr           0%         N/A       100%        5
 Silence                  Hex/Air        0%         N/A       100%        5
 Yara's Violent Unravell  Hex/Tmut       0%         3d3       100%        5
 Call Imp                 Summ           Unusable   N/A       N/A         2
 Tukima's Dance           Hex            Unusable   N/A       N/A         3
 Spellforged Servitor     Conj/Summ      Unusable   N/A       N/A         7

Dungeon Overview and Level Annotations

Branches:
Dungeon (12/15)            Temple (1/1) D:4            Lair (0/5) D:8
    Orc (0/2) D:12

Altars:
Ashenzari
Cheibriados
Dithmenos
Fedhas
Gozag
Hepliaklqana
Kikubaaqudgha
Makhleb
Nemelex Xobeh
Okawaru
Qazlal
Ru
Sif Muna
Trog
Uskayaw
Vehumet
Wu Jian
Xom
Yredelemnul

Shops:
D:11 (

Portals:
Abyss: D:9

Annotations:
D:9 2 transporters, ytrimaz's ghost, novice DsTm


Innate Abilities, Weirdness & Mutations

((A weak demonic guardian rushes to your aid.))
Your demonic aura often causes spilled blood to erupt in flames.
When seriously injured, your blood forms armour. (AC +6)
You are resistant to electric shocks. (rElec)


Message History

Found a potion of curing, a whip and 35 gold pieces.
Unknown command.
You closely miss the meliai. The meliai hits you but does no damage.
The meliai stings you but does no damage.
The meliai hits you with a +0 war axe!
The meliai stings you but does no damage.
The meliai hits you but does no damage. The meliai stings you.
You are poisoned.
The meliai poisons you! The killer bee barely misses you.
The meliai mumbles some strange prayers to its god against you.
Something smites you!
Your blood congeals into armour.
The meliai hits you with a +0 war axe!
The meliai stings you but does no damage.
You slash the meliai!
The meliai is almost dead.
You feel very sick. The meliai closely misses you. The meliai stings you.
The killer bee stings you but does no damage.
The meliai barely misses you.
The meliai stings you but does no damage.
The killer bee stings you but does no damage.
The meliai hits you but does no damage. The meliai barely misses you.
The meliai hits you but does no damage.
The meliai stings you but does no damage.
You miss the meliai.
The meliai is severely wounded.
You feel very sick. The meliai hits you with a +0 hand axe!
* * * LOW HITPOINT WARNING * * *
The meliai stings you.
* * * LOW HITPOINT WARNING * * *
The killer bee stings you but does no damage.
The meliai hits you with a +0 war axe!
* * * LOW HITPOINT WARNING * * *
The meliai closely misses you. The killer bee barely misses you.
The meliai hits you but does no damage.
The meliai stings you but does no damage.
The meliai calls down the wrath of its god upon you.
Something smites you!
You die...

#........########...##
#......#### #....#
#..#...+ ##...#
#.#...#.+ #..##
#####...+ #..#
####.### #..##
..'...## ###)...
#$#y.#..# ##.....#
#)!y@...## ###..>...#
####y#...###........#
#.#...............
###...........##..
##...........####.
#######...........## #
#...............###
###..............#
##.............#


You could see 2 meliai and a killer bee.

Vanquished Creatures
  Erolcha (D:9)
  A two-headed ogre (D:11)
  2 manticores (D:11)
  A cyclops (D:11)
  4 centaur zombies (D:12)
  Joseph (D:8)
  A kobold demonologist (D:9)
  5 trolls
  Grinder (D:3)
  A meliai zombie (D:12)
  2 wraiths
  A shadow (D:7)
  A wyvern (D:9)
  3 yaks (D:12)
  3 vampires
  A basilisk (D:10)
  5 vampire mosquitoes (D:11)
  2 orc warriors
  A black bear (D:5)
  A sky beast (D:8)
  An ice beast (D:4)
  An ogre (D:7)
  4 centaurs
  2 wolves
  2 phantoms (D:5)
  A kobold brigand (D:6)
  3 bullfrogs
  A necrophage (D:6)
  2 gnoll sergeants (D:10)
  11 wights
  10 killer bees
  5 electric eels (D:8)
  2 howler monkeys
  4 orc priests
  2 jellies
  A gnoll bouda (D:7)
  7 hounds
  Jessica (D:2)
  2 iguanas
  5 orc wizards
  22 gnolls
  3 adders
  2 white imps
  3 ufetubi
  3 worms
  6 dart slugs
  43 orcs
  9 ball pythons
  4 bats
  12 endoplasms
  5 goblins
  2 hobgoblins
  4 jackals (D:3)
  15 kobolds
  3 quokkas (D:3)
  2 frilled lizards (D:1)
  4 rats
247 creatures vanquished.

Vanquished Creatures (others)
  An orc (D:8)
  8 fungi (D:7)
  6 plants (D:2)
  2 withered plants (D:12)
17 creatures vanquished.

Grand Total: 264 creatures vanquished

Notes
Turn   | Place    | Note
-------+----------+-------------------------------------------
     0 | D:1      | Newt the Demonspawn Gladiator began the quest for the Orb.
     0 | D:1      | Reached XP level 1. HP: 16/16 MP: 1/1
    70 | D:1      | Reached skill level 1 in Stealth
   185 | D:1      | Gained mutation: Your demonic aura sometimes causes spilled
                  | blood to erupt in flames. [demonic ancestry]
   185 | D:1      | Reached XP level 2. HP: 22/22 MP: 2/2
  1024 | D:2      | Found a faded altar of an unknown god.
  1208 | D:2      | Reached XP level 3. HP: 21/27 MP: 3/3
  1624 | D:2      | Got the Folio of the Ageless Dances
  1659 | D:2      | Noticed Jessica
  1662 | D:2      | Killed Jessica
  1663 | D:2      | Reached XP level 4. HP: 33/33 MP: 4/4
  2583 | D:3      | Gained mutation: You are resistant to electric shocks.
                  | (rElec) [potion of mutation]
  3037 | D:2      | Reached XP level 5. HP: 38/40 MP: 5/5
  3793 | D:3      | Noticed Grinder
  3796 | D:3      | Paralysed by Grinder for 4 turns
  3803 | D:3      | Paralysed by Grinder for 2 turns
  3818 | D:3      | Killed Grinder
  3819 | D:3      | Reached skill level 3 in Long Blades
  3819 | D:3      | Reached XP level 6. HP: 44/48 MP: 6/6
  4637 | D:4      | Reached skill level 4 in Long Blades
  4905 | D:4      | Found a shadowy altar of Dithmenos.
  4920 | D:4      | Found a staircase to the Ecumenical Temple.
  4929 | Temple   | Entered the Ecumenical Temple
  5123 | Temple   | Became a worshipper of Warmaster Okawaru
  5328 | D:5      | Entered Level 5 of the Dungeon
  5329 | D:5      | Identified the +2 scale mail of Unreason {Harm rElec rN+}
  5488 | D:5      | Noticed an ice beast
  5617 | D:4      | Killed an ice beast
  5618 | D:4      | Gained mutation: When seriously injured, your blood forms
                  | armour. (AC +6) [demonic ancestry]
  5618 | D:4      | Reached XP level 7. HP: 54/54 MP: 7/7
  5645 | D:5      | Reached skill level 5 in Long Blades
  5930 | D:5      | Reached skill level 1 in Armour
  6611 | D:6      | Reached * piety under Okawaru
  6819 | D:5      | Gained mutation: A weak demonic guardian rushes to your
                  | aid. [demonic ancestry]
  6819 | D:5      | Reached XP level 8. HP: 57/60 MP: 8/8
  7078 | D:6      | Found an opulent altar of Gozag.
  7212 | D:6      | Found a hazy altar of Hepliaklqana.
  8021 | D:7      | Reached skill level 1 in Evocations
  8677 | D:7      | Reached ** piety under Okawaru
  9416 | D:8      | Reached skill level 5 in Throwing
  9645 | D:8      | Noticed a troll
  9665 | D:8      | Killed a troll
  9666 | D:8      | Gained mutation: Your demonic aura often causes spilled
                  | blood to erupt in flames. [demonic ancestry]
  9666 | D:8      | Reached XP level 9. HP: 61/65 MP: 9/9
  9738 | D:7      | Reached *** piety under Okawaru
 10133 | D:8      | Found a staircase to the Lair.
 10278 | D:8      | Reached skill level 6 in Long Blades
 10454 | D:8      | Noticed Joseph
 10471 | D:8      | Killed Joseph
 10823 | D:8      | Reached skill level 7 in Long Blades
 11978 | D:8      | Reached skill level 5 in Evocations
 12333 | D:7      | Reached **** piety under Okawaru
 12448 | D:9      | Noticed a toenail golem
 12460 | D:9      | Found a transporter.
 12793 | D:9      | Noticed ytrimaz's ghost (novice DsTm)
 13022 | D:9      | Found a one-way gate to the infinite horrors of the Abyss.
 13029 | D:9      | Noticed a kobold demonologist
 13037 | D:9      | Noticed an orange demon
 13042 | D:9      | Noticed a hellwing
 13042 | D:9      | Killed a kobold demonologist
 13043 | D:9      | Reached XP level 10. HP: 43/71 MP: 10/10
 13190 | D:9      | Found a transporter.
 13552 | D:9      | Received a gift from Okawaru
 14278 | D:9      | Noticed Erolcha
 14293 | D:9      | Killed Erolcha
 14297 | D:9      | Found an ornate altar of the Wu Jian Council.
 14332 | D:10     | Entered Level 10 of the Dungeon
 14359 | D:10     | Reached skill level 8 in Long Blades
 14786 | D:10     | Reached ***** piety under Okawaru
 15123 | D:10     | Reached skill level 9 in Long Blades
 15136 | D:10     | Received a gift from Okawaru
 15326 | D:10     | Found a radiant altar of Vehumet.
 15327 | D:10     | Found a hide-covered altar of Uskayaw.
 15331 | D:10     | Found a shimmering blue altar of Sif Muna.
 16058 | D:11     | Noticed a two-headed ogre
 16063 | D:11     | Killed a two-headed ogre
 16064 | D:11     | Reached skill level 5 in Fighting
 16160 | D:11     | Noticed a manticore
 16164 | D:11     | Killed a manticore
 16165 | D:11     | Reached XP level 11. HP: 49/81 MP: 11/11
 16353 | D:11     | Found Kiteschuv's Weapon Shop.
 16662 | D:11     | Received a gift from Okawaru
 16663 | D:11     | Reached skill level 5 in Armour
 17269 | D:11     | Received a gift from Okawaru
 17880 | D:12     | Received a gift from Okawaru
 17973 | D:12     | Found a staircase to the Orcish Mines.
 18091 | D:12     | Killed from afar by a meliai

Illustrated notes

Levels and vault maps discovered:
D:1:      psy_arrival_fountain, layout_basic, serial_bayou_pond_a,
          minmay_tree_intersection, skrybe_limestone_x
D:2:      layout_loops_cross, dreamdust_ecumenical_altar_angels_and_demons,
          nicolae_grassy_gnolls, uniq_jessica
D:3:      layout_rooms, minmay_misc_feat_ornament, minmay_misc_feat_room,
          kennysheep_generic_room_11, uniq_grinder
D:4:      layout_rooms, grunt_dithmenos_smoke, temple_doors_e
D:5:      layout_loops_ring
D:6:      layout_rooms, amcnicky_altar_gilded, marbit_many_paths,
          hangedman_abyss_or_decor_passed
D:7:      layout_basic, dreamdust_gnoll_farm
D:8:      layout_rooms, erik_lair_island, minmay_misc_feat_rugged, uniq_joseph
D:9:      layout_gridville, mainiacjoe_overflow_chevrons,
          gammafunk_ghost_abyssal_escape, uniq_erolcha
D:10:     layout_grid_maze, minitemple, mainiacjoe_overflow_paths
D:11:     nicolae_BIG_FREAKIN_CUBE, layout_cave_pools, serial_shops,
          nicolae_shop_trees
D:12:     layout_layer_cave, orc_0_dummy, serial_undead, serial_undead_e,
          serial_undead_e, serial_undead_c, serial_undead_c, serial_undead_f,
          serial_undead_d, eino_jars, uniq_rupert
Temple:   nicolae_temple_bog_church

Skill      XL: |  1  2  3  4  5  6  7  8  9 10 11 |
---------------+----------------------------------+-----
Stealth        | 1 2 |  2.0
Short Blades   | 3 4 |  4.0
Fighting       | 3 4 5 6 |  6.0
Long Blades    | 3 4 5 7 9 |  9.6
Armour         | 3 4 7 |  7.9
Throwing       | 6 |  6.0
Evocations     | 4 6 8 |  8.0
Dodging        | 4 |  4.0

Action                   |  1- 3 |  4- 6 |  7- 9 | 10-12 || total
-------------------------+-------+-------+-------+-------++-------
Melee: Rapier            |    91 |   149 |       |       ||   240
       Punch             |     1 |     2 |     5 |       ||     8
       Long sword        |       |   112 |   506 |       ||   618
       Falchion          |       |       |    51 |     1 ||    52
       Great sword       |       |       |       |   144 ||   144
       Short sword       |       |       |       |    52 ||    52
Throw: Stone             |    14 |    11 |     1 |       ||    26
       Throwing net      |       |     5 |       |       ||     5
       Javelin           |       |     4 |       |       ||     4
       Dart              |       |       |    17 |       ||    17
       Boomerang         |       |       |    28 |    15 ||    43
Evoke: Wand              |       |       |     1 |       ||     1
  Use: Scroll            |       |     7 |    13 |     3 ||    23
       Potion            |       |     6 |     3 |     1 ||    10
 Stab: Sleeping          |     5 |     5 |       |       ||    10
       Invisible         |       |       |     5 |       ||     5
Armor: Leather armour    |    30 |    69 |       |       ||    99
       Scale mail        |       |     6 |   343 |   207 ||   556
Dodge: Dodged            |    48 |   140 |   360 |   153 ||   701

Table legend: (Time is in decaauts)
 A = Elapsed time spent in this place.
 B = Non-inter-level travel time spent in this place.
 C = Inter-level travel time spent in this place.
 D = Time resting spent in this place.
 E = Time spent auto-exploring this place.
 F = Levels seen in this place.
 G = Mean time per level.
                   A        B        C        D        E       F      G
               +--------+--------+--------+--------+--------+-----+--------+
         Total |  18200 |  17671 |    529 |   7398 |   5863 |  13 | 1400.0 |
       Dungeon |  17982 |  17481 |    501 |   7398 |   5684 |  12 | 1498.5 |
        Temple |    217 |    189 |     28 |      0 |    178 |   1 |  217.0 |
               +--------+--------+--------+--------+--------+-----+--------+

Top non-repeatable levels by time:
     D:8: 3009 daAuts
     D:7: 2048 daAuts
     D:2: 1799 daAuts
    D:10: 1654 daAuts
    D:11: 1642 daAuts
     D:3: 1586 daAuts
     D:9: 1568 daAuts
     D:5: 1397 daAuts
     D:6: 1048 daAuts
     D:1: 972 daAuts
     D:4: 805 daAuts
    D:12: 449 daAuts
  Temple: 217 daAuts
